Map: Ruins of Seras

Players

coolskill

  • Race: Zerg Zerg

Trizztein - Winner!

  • Race: Terran Terran
  • League: Platinum

VOD

Have the link to the VOD?

Description

Time

  • Played on: Jan. 2, 2016, 9:52 a.m.
  • Length: 22:46
Show
View Real Time Build Order
Export as new Build Order

coolskill Zerg 

Build Orders: Hatch First 

Get SALT Encoding   

  12  0:01  Drone  
  13  0:13  Overlord  
  13  0:18  Drone  
  14  0:31  Drone x2  
  14  0:35  Drone  
  17  0:57  Hatchery  
  17  0:59  Drone  
  17  1:03  Drone  
  18  1:15  Extractor  
  17  1:22  Spawning Pool  
  17  1:23  Drone  
  17  1:33  Drone x2  
  19  1:41  Drone  
  20  1:51  Overlord  
  20  2:09  Drone  
  20  2:11  Queen  
  20  2:12  Queen  
  20  2:13  Zergling x2  
  26  2:15  Drone  
  26  2:20  Metabolic Boost  
  26  2:22  Drone  
  28  2:26  Drone  
  29  2:31  Zergling x2  
  29  2:33  Zergling x2  
  30  2:47  Zergling x4  
  31  2:51  Queen  
  33  2:58  Drone x2  
  33  2:59  Baneling Nest  
  34  3:16  Queen  
  36  3:24  Overlord  
  36  3:40  Overlord  
  36  3:49  Drone  
  36  3:50  Drone x7  
  45  4:02  Drone  
  45  4:03  Drone x2  
  45  4:07  Hatchery  
  45  4:09  Drone x2  
  48  4:11  Overlord  
  48  4:24  Roach Warren  
  46  4:27  Spine Crawler  
  46  4:30  Zergling x8  
  49  4:37  Zergling x4  
  51  4:50  Drone x4, Extractor  
  51  5:01  Spore Crawler x2  
  51  5:03  Spore Crawler  
  46  5:13  Spore Crawler  
  44  5:37  Drone  
  44  5:38  Drone x5  
  50  5:44  Spore Crawler  
  50  5:45  Spore Crawler x2  
  47  5:50  Spore Crawler  
  46  5:58  Drone x3  
  46  5:59  Drone x2  
  50  6:12  Drone x7  
  50  6:17  Overlord  
  57  6:19  Drone  
  57  6:20  Drone  
  59  6:26  Baneling x2  
  59  6:27  Baneling x2  
  59  6:31  Drone  
  59  6:32  Drone x3  
  63  6:42  Lair, Overlord  
  63  6:50  Drone  
  63  6:51  Drone x3  
  63  6:53  Evolution Chamber  
  66  6:54  Evolution Chamber  
  65  7:08  Zergling x20  
  66  7:09  Zergling x4  
  66  7:13  Roach  
  79  7:20  Spine Crawler  
  79  7:22  Roach  
  80  7:24  Overlord x3  
  80  7:33  Baneling x5  
  80  7:34  Roach  
  82  7:40  Overlord x2  
  82  7:46  Roach x4  
  82  7:51  Zerg Missile Weapons Level 1, Zerg Ground Armor Level 1  
  90  7:52  Overseer  
  90  8:05  Drone x3  
  92  8:06  Drone x4  
  92  8:10  Roach, Extractor  
  92  8:11  Roach x4, Extractor  
  105  8:18  Extractor  
  104  8:20  Extractor  
  102  8:38  Hydralisk Den  
  102  8:40  Spore Crawler, Roach x3  
  102  8:41  Roach x3  
  112  8:43  Zergling x2  
  112  8:47  Drone  
  112  8:48  Drone x4  
  118  8:58  Overlord x2  
  118  9:05  Drone  
  119  9:15  Overlord, Muscular Augments  
  119  9:16  Overlord x4  
  119  9:26  Glial Reconstitution  
  119  9:28  Drone x3  
  119  9:29  Drone x4  
  126  9:44  Hydralisk x3  
  126  9:45  Hydralisk x3  
  136  9:55  Hydralisk x6  
  148  10:02  Spire  
  142  10:23  Hydralisk x2  
  142  10:24  Hydralisk x5  
  155  10:30  Hatchery  
  155  10:31  Lurker Den  
  155  10:33  Roach x5  
  164  10:38  Overseer  
  154  10:46  Drone x10  
  162  11:00  Hatchery  
  143  11:23  Hydralisk x8  
  143  11:24  Hydralisk x3  
  121  11:42  Queen  
  121  11:43  Hydralisk  
  121  11:44  Hydralisk x4  
  133  11:50  Extractor  
  133  11:51  Roach x3, Extractor  
  133  11:52  Roach  
  139  12:01  Zerg Flyer Weapons Level 1  
  139  12:03  Drone x3  
  139  12:04  Drone x2  
  139  12:05  Drone  
  145  12:12  Lurker  
  145  12:13  Lurker  
  136  12:38  Mutalisk x5  
  144  12:44  Drone  
  144  12:45  Drone x13  
  158  13:04  Mutalisk  
  158  13:05  Mutalisk x4  
  168  13:13  Hatchery, Extractor  
  168  13:15  Extractor  
  164  13:27  Mutalisk x2  
  164  13:28  Mutalisk x2  
  165  13:37  Mutalisk x2  
  149  13:49  Mutalisk  
  149  13:50  Mutalisk  
  125  14:03  Extractor  
  125  14:04  Drone x3  
  125  14:06  Drone x3  
  124  14:12  Mutalisk  
  124  14:13  Mutalisk x3  
  128  14:22  Drone x2  
  128  14:23  Drone  
  128  14:24  Drone x8  
  135  14:45  Spire, Zerg Flyer Weapons Level 2  
  134  14:51  Pneumatized Carapace  
  134  15:04  Corruptor  
  134  15:05  Corruptor x4  
  144  15:08  Zergling x32  
  144  15:09  Zergling x6  
  125  15:30  Mutalisk x5  
  125  15:31  Hatchery  
  125  15:33  Extractor  
  125  15:34  Roach x6, Extractor  
  144  15:36  Zergling x2  
  144  15:37  Zergling x10  
  147  15:53  Mutalisk x3  
  146  16:13  Mutalisk x2  
  146  16:14  Mutalisk x2  
  132  16:27  Mutalisk x3  
  131  16:39  Infestation Pit  
  126  16:44  Mutalisk  
  126  16:45  Mutalisk  
  130  17:01  Mutalisk x2, Zerg Flyer Armor Level 1  
  114  17:14  Queen  
  114  17:15  Queen  
  116  17:18  Hatchery  
  117  17:29  Extractor  
  116  17:30  Mutalisk  
  116  17:31  Mutalisk x6  
  116  17:34  Drone x2  
  116  17:35  Drone  
  116  17:36  Drone x2  
  135  17:37  Drone x2  
  135  17:38  Drone x11  
  148  17:45  Hive  
  148  17:58  Spine Crawler x2, Extractor  
  148  18:00  Extractor  
  148  18:01  Spore Crawler  
  134  18:06  Spine Crawler  
  134  18:07  Mutalisk  
  134  18:08  Mutalisk x5  
  139  18:17  Drone x3  
  139  18:18  Drone x2  
  139  18:19  Drone  
  138  18:23  Mutalisk x4  
  137  18:39  Mutalisk x3  
  137  18:40  Mutalisk  
  143  19:05  Mutalisk x5  
  145  19:27  Extractor  
  144  19:33  Hatchery  
  144  19:36  Roach x5  
  144  19:37  Roach x3  
  159  19:56  Drone x3  
  159  19:57  Drone  
  159  19:58  Drone x8  
  159  19:59  Drone x2  
  171  20:01  Extractor  
  171  20:02  Overlord x5  
  168  20:15  Greater Spire  
  168  20:21  Drone x3  
  171  20:22  Drone x3  
  171  20:23  Hatchery, Extractor  
  145  20:51  Mutalisk  
  145  20:52  Mutalisk x16  
  145  20:53  Mutalisk x3  
  152  21:19  Drone  
  152  21:20  Drone  
  152  21:21  Drone  
  152  21:25  Corruptor x5  
  145  21:26  Corruptor x3  
  145  21:39  Corruptor x2  
  131  21:46  Corruptor x2  
  109  22:15  Corruptor x7  
Show
View Real Time Build Order
Export as new Build Order

Trizztein Terran - Winner!

Build Orders: Reaper Expand, Hellion Banshee, Mech 

Get SALT Encoding   

  12  0:01  SCV  
  13  0:13  SCV  
  14  0:18  Supply Depot  
  14  0:25  SCV  
  15  0:40  SCV  
  16  0:42  Barracks  
  16  0:45  Refinery  
  16  0:52  SCV  
  17  1:04  SCV  
  18  1:16  SCV  
  19  1:30  Reaper, Orbital Command  
  20  1:46  Command Center  
  20  1:57  SCV  
  20  1:58  Supply Depot  
  21  2:02  Marine  
  22  2:09  SCV  
  22  2:14  Factory  
  23  2:21  SCV  
  24  2:27  Barracks Reactor, Refinery  
  24  2:33  SCV  
  25  2:45  SCV  
  26  2:57  SCV  
  27  2:59  Orbital Command  
  27  3:04  Starport  
  26  3:08  Hellion  
  26  3:12  SCV  
  29  3:15  Hellion  
  29  3:16  Barracks Tech Lab  
  31  3:24  SCV  
  32  3:28  Orbital Command  
  32  3:31  Hellion  
  34  3:36  SCV  
  34  3:38  Supply Depot, Hellion  
  37  3:48  Cloaking Field  
  37  3:49  SCV  
  37  3:51  Banshee  
  37  3:55  SCV, Barracks Tech Lab  
  42  4:01  SCV  
  43  4:07  SCV  
  43  4:08  Supply Depot  
  44  4:11  Hellion  
  44  4:12  Widow Mine  
  44  4:13  SCV  
  49  4:19  SCV  
  50  4:25  SCV  
  50  4:31  Supply Depot, Widow Mine, SCV  
  51  4:37  SCV  
  55  4:41  Hellion  
  55  4:44  SCV  
  58  4:49  SCV  
  58  4:50  Banshee  
  62  4:56  SCV  
  61  5:01  Supply Depot, SCV  
  61  5:03  Hellion x2  
  64  5:08  SCV  
  64  5:13  SCV  
  64  5:15  Refinery  
  64  5:16  Refinery  
  64  5:20  Command Center, SCV  
  63  5:25  SCV  
  61  5:32  SCV  
  61  5:33  Banshee  
  65  5:37  SCV  
  65  5:41  Factory  
  65  5:42  Factory  
  66  5:44  SCV, Supply Depot  
  68  5:50  SCV  
  68  5:56  SCV  
  69  5:58  Armory  
  69  5:59  Armory, Engineering Bay  
  69  6:02  SCV  
  70  6:11  Hellion x2  
  74  6:21  SCV x2  
  76  6:27  Supply Depot, Starport Reactor  
  76  6:28  Supply Depot  
  76  6:33  Orbital Command  
  76  6:35  SCV  
  76  6:37  Supply Depot  
  76  6:38  Supply Depot  
  77  6:42  Barracks Reactor  
  77  6:47  Widow Mine  
  77  6:48  Siege Tank x2  
  77  6:49  Hellion, Orbital Command  
  77  6:52  Terran Vehicle And Ship Armor Level 1, Terran Vehicle Weapons Level 1, Infernal Pre-Igniter  
  77  6:53  SCV x2  
  89  7:10  Hellion  
  89  7:11  Supply Depot, Refinery x2  
  91  7:16  Hellion  
  91  7:18  Missile Turret x2  
  91  7:19  Missile Turret  
  91  7:20  Hellion  
  95  7:31  SCV x3  
  98  7:40  Siege Tank  
  98  7:41  Hellion x2, Siege Tank  
  108  7:58  Factory  
  108  8:00  Factory  
  108  8:02  Hellion x2  
  112  8:07  Missile Turret  
  112  8:09  Medivac x2  
  112  8:10  Missile Turret  
  119  8:12  Siege Tank  
  119  8:14  SCV x3  
  122  8:21  Widow Mine  
  122  8:23  Widow Mine  
  122  8:24  Hellion  
  122  8:26  SCV  
  127  8:30  Command Center  
  127  8:33  Liberator  
  125  8:34  Liberator  
  125  8:45  Hellion x2  
  125  8:48  Command Center  
  129  8:49  SCV x2  
  129  8:51  Hellion  
  139  8:56  Factory Tech Lab  
  139  8:59  Terran Vehicle And Ship Armor Level 2  
  139  9:02  SCV x2  
  141  9:07  Barracks Tech Lab  
  141  9:14  Siege Tank  
  141  9:24  Supply Depot  
  141  9:25  Supply Depot  
  141  9:26  Supply Depot  
  141  9:32  Command Center  
  141  9:41  Hellion x4, Siege Tank  
  156  10:00  Hellion x2  
  156  10:03  Supply Depot  
  156  10:13  Siege Tank  
  159  10:21  Siege Tank x2  
  165  10:22  Refinery  
  165  10:25  Refinery, Missile Turret  
  165  10:27  Hellion x2  
  163  10:34  Terran Vehicle Weapons Level 2  
  161  10:45  Siege Tank  
  161  10:49  Hellion  
  170  10:50  Hellion x2  
  170  10:53  Siege Tank x2  
  176  11:10  Planetary Fortress  
  166  11:25  Siege Tank  
  141  11:30  Hellion x5  
  143  11:48  Planetary Fortress  
  143  11:51  Supply Depot, Hellion x3, Siege Tank  
  152  11:59  Terran Ship Weapons Level 1  
  152  12:05  Hellion x2  
  156  12:12  Hellion  
  156  12:13  Hellion x2  
  162  12:22  Siege Tank  
  162  12:24  Starport  
  162  12:25  Sensor Tower, Starport  
  162  12:26  Hellion x3  
  168  12:38  Hellion x2  
  168  12:39  Hellion  
  174  12:47  Siege Tank  
  174  12:48  Siege Tank  
  174  12:50  Sensor Tower  
  180  12:54  Siege Tank  
  183  13:02  Starport Tech Lab x2  
  183  13:04  Terran Vehicle Weapons Level 3  
  183  13:12  Liberator x3  
  183  13:19  Siege Tank, Liberator  
  186  13:27  Siege Tank  
  189  13:29  Missile Turret  
  172  13:54  Liberator  
  172  13:55  Liberator x2  
  168  13:56  SCV  
  163  14:08  SCV  
  173  14:19  Liberator  
  173  14:20  Hellion x3  
  173  14:21  Hellion, Siege Tank x2  
  188  14:37  Liberator  
  188  14:38  Siege Tank  
  193  14:42  Hellion  
  193  14:45  Hellion x2  
  196  14:46  Liberator  
  195  15:05  Terran Ship Weapons Level 2  
  198  15:08  Liberator x2  
  195  15:42  Terran Vehicle And Ship Armor Level 3  
  195  15:43  Sensor Tower  
  195  15:56  Marine  
  196  15:58  Hellion x2  
  196  15:59  Refinery  
  196  16:00  Missile Turret x2  
  196  16:01  Refinery, Missile Turret  
  196  16:03  Missile Turret  
  199  16:31  Supply Depot, Liberator x2  
  199  16:32  Supply Depot, Liberator x2  
  193  16:34  Planetary Fortress  
  182  16:53  Thor  
  185  17:14  Liberator x2  
  185  17:17  Building Armor  
  185  17:21  High Capacity Fuel Tanks  
  185  17:24  Missile Turret x2  
  185  17:26  Missile Turret, Fusion Core  
  185  17:27  Missile Turret x3  
  191  17:37  Hellion  
  191  17:38  Hellion x3  
  199  17:49  Missile Turret  
  199  18:05  Liberator  
  198  18:08  Missile Turret  
  198  18:09  Missile Turret  
  198  18:12  Missile Turret  
  199  18:28  Terran Ship Weapons Level 3  
  199  18:31  Advanced Ballistics  
  199  18:32  Hyperflight Rotors  
  196  18:40  Liberator x2  
  196  18:41  Missile Turret, Liberator  
  189  18:43  Missile Turret  
  189  18:44  Missile Turret  
  189  18:45  Missile Turret  
  189  18:48  Liberator  
  181  18:54  Command Center  
  180  18:57  Hi-Sec Auto Tracking  
  180  18:58  Hellion x3  
  177  19:23  Liberator x3  
  171  19:25  Missile Turret  
  171  19:27  Missile Turret  
  171  19:28  Missile Turret  
  171  19:31  Liberator  
  178  19:51  Missile Turret  
  181  20:02  Missile Turret  
  181  20:06  Liberator x2  
  181  20:18  Barracks x2  
  181  20:19  Barracks  
  181  20:21  Liberator x2  
  181  20:23  Ghost Academy  
  190  20:49  Liberator x2  
  172  21:11  Thor x2  
  178  21:12  Thor  
  178  21:13  Hellion  
  178  21:14  Hellion  
  198  21:22  Liberator x2  
  187  21:40  Hellion  
  187  21:41  Hellion x2  
  176  21:55  Missile Turret  
  176  21:57  Missile Turret x2  
  173  22:23  Hellion  
  173  22:24  Hellion x6, Refinery, Missile Turret  
  173  22:25  Refinery, Missile Turret x2  
Tags
 
Add a new tag
Caveats
  • Supply blocks, unpowered buildings, or Contaminate may cause inaccurate times.
  • Supply counts are checked every 10 seconds.